 Dungeon Crawl Stone Soup version 0.31-a0-175-g9f7f995f2b (webtiles) character file.

Game seed: 4829885518724714686

152 qw the Shooter (level 5, -4/32 HPs)
             Began as a Gargoyle Hunter on June 16, 2023.
             Slain by Duvessa
             ... wielding a +0 short sword
              (7 damage)
             ... on level 4 of the Dungeon.
             The game lasted 00:01:01 (2017 turns).

qw the Shooter (Gargoyle Hunter)                    Turns: 2017, Time: 00:01:01

Health: -4/32      AC:  6    Str: 15    XL:     5   Next: 34%
Magic:  5/5        EV: 12    Int:  9    God:
Gold:   130        SH:  0    Dex: 15    Spells: 4/4 levels left

rFire   . . .        Y - +0 shortbow
rCold   . . .        (shield currently unavailable)
rNeg    + . .        h - +0 robe {Will+}
rPois   inf          (no helmet)
rElec   +            (no cloak)
rCorr   .            (no gloves)
SInv    .            (no boots)
Will    +....        (no amulet)
Stlth   ++           (no ring)
HPRegen 0.25/turn    (no ring)
MPRegen 0.09/turn

%: no passive effects
@: no status effects
A: sickness immunity, AC +4, negative energy resistance 1, electricity
resistance, torment resistance 1, petrification resistance
a: no special abilities


You were on level 4 of the Dungeon.
You visited 1 branch of the dungeon, and saw 4 of its levels.

You collected 130 gold pieces.


Innate Abilities, Weirdness & Mutations

You are immune to sickness and miasma.
Your stone body is resilient. (AC +4)
You are immune to poison.
You resist negative energy. (rN+)
You are resistant to electric shocks. (rElec)
You are resistant to unholy torment.
You are immune to petrification.


   Skills:
 + Level 3.1 Fighting
 - Level 6.0 Ranged Weapons
 - Level 1.0 Armour
 - Level 1.5 Dodging
 - Level 1.1 Stealth


You had 4 spell levels left.
You didn't know any spells.
Your spell library was empty.

Inventory:

Hand Weapons
 Y - a +0 shortbow (weapon)
Armour
 f - a +0 ring mail
 h - a +0 robe of willpower (worn)
Scrolls
 a - a scroll of identify
Potions
 b - a potion of berserk rage {unknown}
 d - a potion of curing
 e - a potion of cancellation {unknown}
 i - a potion of enlightenment {unknown}

Dungeon Overview and Level Annotations

Branches:
Dungeon (4/15)
 Temple: D:4-7

Altars:
Ru

Shops:
D:3 :

Annotations:
D:4 Dowan, Duvessa


Message History

Dowan is wielding a +0 dagger and carrying a wand of flame (16).
Found a plate armour.
You shoot an arrow. The arrow hits Duvessa!
Duvessa is lightly wounded.
You shoot an arrow. The arrow hits Duvessa!
Duvessa is moderately wounded.
Dowan drinks a potion.
Dowan suddenly seems more resistant.
You shoot an arrow.
The arrow hits Duvessa but does no damage.
Duvessa is moderately wounded.
Dowan says, "My weaknesses are her strengths!"
You shoot an arrow. The arrow hits Duvessa!
Duvessa is heavily wounded.
You shoot an arrow. The arrow hits Duvessa.
Duvessa is severely wounded.
Duvessa hits you with a +0 short sword.
You shoot an arrow. The arrow hits Duvessa.
Duvessa is severely wounded.
Duvessa closely misses you.
You shoot an arrow. The arrow closely misses Duvessa.
Duvessa closely misses you.
You shoot an arrow.
The arrow hits Duvessa but does no damage.
Duvessa is severely wounded.
You shoot an arrow. The arrow hits Duvessa.
Duvessa is almost dead.
Duvessa hits you with a +0 short sword.
Dowan zaps a wand.
The puff of flame misses you.
You shoot an arrow.
The arrow hits Duvessa but does no damage.
Duvessa is almost dead.
Duvessa hits you with a +0 short sword. Dowan casts a spell at you.
The puff of flame hits you! Duvessa closely misses you.
Dowan casts a spell at you. The puff of frost hits you.
You shoot an arrow. The arrow hits Duvessa.
Duvessa is almost dead.
Duvessa hits you with a +0 short sword!
You die... ########### #e@......<# #e######### #. #. #[ #. #. #.

You could see Duvessa and Dowan (resistant).

Vanquished Creatures
  A hound (D:3)
  4 adders
  2 worms (D:2)
  A dart slug (D:1)
  9 orcs (D:3)
  4 bats
  7 endoplasms
  3 giant cockroaches (D:1)
  2 goblins
  3 hobgoblins
  4 jackals (D:1)
  3 quokkas
  7 ball pythons
  3 frilled lizards
  11 kobolds
  4 rats
68 creatures vanquished.

Notes
Turn   | Place    | Note
-------+----------+-------------------------------------------
     0 | D:1      | qw the Gargoyle Hunter began the quest for the Orb.
     0 | D:1      | Reached XP level 1. HP: 12/12 MP: 1/1
     0 | D:1      | 0 ||| qw: Version: 0.2-a-29-g511e9b1
     0 | D:1      | 0 ||| qw: Game counter: 27
     0 | D:1      | 0 ||| qw: Always use a shield: true
     0 | D:1      | 0 ||| qw: God list: Okawaru
     0 | D:1      | 0 ||| qw: Allow faded altars: false
     0 | D:1      | 0 ||| qw: Do Orc after D:15 true
     0 | D:1      | 0 ||| qw: Do second Lair branch before Depths: true
     0 | D:1      | 0 ||| qw: Lair rune preference: random
     0 | D:1      | 0 ||| qw: Plans: Normal, Zot:1-4, Slime:5, God:TSO, Crypt,
                  | Tomb, Abyss, Pan, Hells, Win
     0 | D:1      | 0 ||| PLANNING D:1-11
    69 | D:1      | Reached XP level 2. HP: 17/17 MP: 2/2
   276 | D:1      | Reached XP level 3. HP: 15/21 MP: 3/3
   309 | D:1      | Reached skill level 5 in Ranged Weapons
   392 | D:1      | Found a faded altar of an unknown god.
   475 | D:1      | 475 ||| READING scroll labelled UROONEUPAB.
   476 | D:1      | 476 ||| READING scroll labelled TETSUNK AROZEA.
   477 | D:1      | 477 ||| READING scroll labelled TURGHUNTIOB.
   478 | D:1      | 478 ||| DROPPING scroll of butterflies.
   699 | D:2      | Reached skill level 3 in Fighting
   719 | D:2      | Reached XP level 4. HP: 28/28 MP: 4/4
  1079 | D:2      | 1079 ||| UPGRADING to +0 ring mail.
  1089 | D:2      | 1089 ||| DROPPING +0 leather armour.
  1090 | D:2      | 1090 ||| DROPPING amulet of magic regeneration.
  1091 | D:2      | 1091 ||| READING scroll labelled RIAGIGA VUAHOC.
  1092 | D:2      | 1092 ||| READING scroll labelled FACA GESEFIFIA.
  1093 | D:2      | 1093 ||| DRINKING 2 bubbling black potions.
  1191 | D:3      | Reached skill level 1 in Armour
  1202 | D:3      | 1202 ||| FLEEEEING.
  1203 | D:3      | 1203 ||| FLEEEEING.
  1204 | D:3      | 1204 ||| FLEEEEING.
  1205 | D:3      | 1205 ||| FLEEEEING.
  1206 | D:3      | 1206 ||| FLEEEEING.
  1207 | D:3      | 1207 ||| FLEEEEING.
  1208 | D:3      | 1208 ||| FLEEEEING.
  1213 | D:3      | 1213 ||| STAIRDANCE
  1329 | D:3      | Identified the +9 rapier "Ufuell" {holy, Int+4}
  1456 | D:3      | Found a sacrificial altar of Ru.
  1593 | D:3      | Reached XP level 5. HP: 19/32 MP: 5/5
  1929 | D:3      | Reached skill level 6 in Ranged Weapons
  1972 | D:3      | Found Zos Wiahusk's Book Emporium.
  1980 | D:3      | 1980 ||| UPGRADING to +0 robe of willpower.
  1990 | D:3      | 1990 ||| READING scroll labelled LOIVOL JEBBOHO.
  1991 | D:3      | 1991 ||| READING scroll labelled VEOSYO LIMN.
  2006 | D:4      | Noticed Duvessa
  2006 | D:4      | Noticed Dowan
  2016 | D:4      | HP: 8/32 [Dowan/puff of flame (10)]
  2016 | D:4      | HP: 3/32 [Dowan/puff of frost (5)]
  2017 | D:4      | Slain by Duvessa

Levels and vault maps discovered:
D:1:      tarquinn_simple_flora_water_b, layout_rooms,
          shapermc_ecumenical_altar_mp_highgroup
D:2:      layout_loops_ring
D:3:      layout_loops_ring, mainiacjoe_overflow_brackets, serial_shops, shop,
          minivault_4
D:4:      layout_basic, mainiacjoe_overflow_tiny_flanked, amcnicky_altar_gilded,
          xom_butterflies, uniq_duvessa

Skill      XL: |  1  2  3  4  5 |
---------------+----------------+-----
Ranged Weapons | 5 6 |  6.0
Fighting       | 3 |  3.1
Armour         | 1 |  1.0
Dodging        | |  1.5
Stealth        | |  1.1

Action                     |  1- 3 |  4- 6 || total
---------------------------+-------+-------++-------
   Fire: Shortbow          |   135 |   123 ||   258
    Use: Scroll            |     3 |     4 ||     7
         Potion            |       |     1 ||     1
 Armour: Leather armour    |    23 |     2 ||    25
         Ring mail         |       |    30 ||    30
  Dodge: Dodged            |    31 |    63 ||    94

Table legend:
 A = Non-vault XP
 B = Vault XP
 C = Vault XP percentage of total XP
 D = Non-vault monster count
 E = Vault monster count
 F = Vault count percentage of total count
                 A         B        C        D         E       F
            +---------+---------+-------+---------+---------+-------
      Total |     218 |       0 |   0.0 |      68 |       0 |   0.0
            +---------+---------+-------+---------+---------+-------
        D:1 |      44 |       0 |   0.0 |      25 |       0 |   0.0
        D:2 |      42 |       0 |   0.0 |      16 |       0 |   0.0
        D:3 |     132 |       0 |   0.0 |      27 |       0 |   0.0
            +---------+---------+-------+---------+---------+-------
